 Dungeon Crawl Stone Soup version 0.30-a0-883-g5ad918d77d (webtiles) character file.

Game seed: 16319141728478341132

4492 Newt the Markskobold (level 10, -5/61 HPs)
             Began as a Kobold Hunter on Mar 15, 2023.
             Was a Priest of Hepliaklqana.
             Slain by a death yak (23 damage)
             ... on level 8 of the Dungeon.
             The game lasted 00:07:50 (7661 turns).

Newt the Markskobold (Kobold Hunter)                Turns: 7661, Time: 00:07:50

Health: -5/61      AC:  4    Str: 17    XL:     10   Next: 65%
Magic:  19/19      EV: 28    Int:  6    God:    Hepliaklqana [***...]
Gold:   895        SH:  5    Dex: 31    Spells: 9/9 levels left

rFire   . . .      SeeInvis +    a - +0 shortbow
rCold   + . .      Faith    .    (shield currently unavailable)
rNeg    . . .      Spirit   .    v - +2 robe of Mysticism {MP+9 Dex+3}
rPois   .          Reflect  +    (no helmet)
rElec   .          Rampage  .    (no cloak)
rCorr   .          Clarity  +    (no gloves)
Will    .....                    (no boots)
Stlth   +++++                    y - amulet "Timpais" {Reflect Str+5 SH+5}
HPRegen 0.30/turn                r - +5 ring of evasion
MPRegen 0.16/turn                s - ring of Lucidity {rC+ Str+3 Int-5 Dex+4 SInv}

@: studying Fighting
A: reduced essence, small, no large weapons, nightstalker 3, thin skeletal
structure 1, clarity, MP-powered wands
a: Renounce Religion, Recall Ancestor, Ancestor Identity, Transference


You were on level 8 of the Dungeon.
You worshipped Hepliaklqana.
Hepliaklqana was most pleased with you.
You visited 1 branch of the dungeon, and saw 8 of its levels.

You collected 1259 gold pieces.
You spent 364 gold pieces at shops.

Inventory:

Hand Weapons
 a - a +0 shortbow (weapon)
 d - a +0 arbalest
Armour
 c - a +1 leather armour
 v - the +2 robe of Mysticism (worn) {MP+9 Dex+3}
   (You found it on level 5 of the Dungeon)

   Dex:       It affects your dexterity (+3).
   MP:        It affects your magic capacity (+9).
 A - +0 steam dragon scales
Jewellery
 h - a +4 ring of protection
 r - a +5 ring of evasion (left hand)
 s - the ring of Lucidity (right hand) {rC+ Str+3 Int-5 Dex+4 SInv}
   (You found it on level 3 of the Dungeon)

   [ring of see invisible]

   Str:       It affects your strength (+3).
   Int:       It affects your intelligence (-5).
   Dex:       It affects your dexterity (+4).
   rC:        It protects you from cold.
   SInv:      It lets you see invisible.
 y - the amulet "Timpais" (around neck) {Reflect Str+5 SH+5}
   (You acquired it on level 8 of the Dungeon)

   [amulet of reflection]

   It reflects blocked missile attacks.
   Str:       It affects your strength (+5).
   SH:        It affects your SH (+5).
 B - a ring of protection from cold
Wands
 u - a wand of roots (30)
 w - a wand of flame (27)
 x - a wand of mindburst (13)
Scrolls
 b - 3 scrolls of immolation
 f - 3 scrolls of fog
 p - a scroll of vulnerability
 q - 3 scrolls of teleportation
 t - a scroll of fear
Potions
 e - a potion of berserk rage
 g - 4 potions of degeneration
 i - a potion of flight
 j - a potion of might
 k - 3 potions of mutation
 l - 6 potions of haste
 m - a potion of cancellation {unknown}
 n - 4 potions of heal wounds
 o - 6 potions of curing
 z - a potion of brilliance {unknown}


   Skills:
 + Level 10.2 Fighting
 - Level 16.0 Ranged Weapons
 - Level 7.0 Dodging
 - Level 1.3 Stealth


You had 9 spell levels left.
You didn't know any spells.
Your spell library contained the following spells:

 Spells                   Type           Power      Damage    Failure   Level
 Summon Small Mammal      Summ           0%         N/A       45%         1
 Call Canine Familiar     Summ           0%         N/A       83%         3
 Hailstorm                Conj/Ice       0%         3d3       83%         3
 Portal Projectile        Hex/Tloc       0%         N/A       83%         3
 Summon Guardian Golem    Hex/Summ       0%         N/A       83%         3
 Ice Form                 Ice/Tmut       0%         N/A       99%         4
 Leda's Liquefaction      Hex/Erth       0%         N/A       99%         4
 Simulacrum               Ice/Necr       0%         N/A       100%        6


Dungeon Overview and Level Annotations

Branches:
Dungeon (8/15)             Temple (0/1) D:5
   Lair: D:8-11

Altars:
Dithmenos
Fedhas
Hepliaklqana
Qazlal
Yredelemnul
The Shining One

Shops:
D:3 =*(   D:4 !   D:6 (

Annotations:
D:5 3 runed translucent doors, Mickster's ghost, novice HOBe
D:8 1 runed translucent door, mandoloar's ghost, novice GnEE


Innate Abilities, Weirdness & Mutations

Your life essence is reduced to manifest your ancestor. (-10% HP)
You are small and have problems with some larger weapons.
You are completely attuned to the shadows.
You have a somewhat thin skeletal structure. (Dex +2, Stealth+)
You possess an exceptional clarity of mind.
You expend magic power (3 MP) to strengthen your wands.


Message History

The death yak closely misses Udjahorresnet.
Udjahorresnet hits the death yak but does no damage.
You shoot an arrow. Udjahorresnet avoids your attack.
The arrow hits the death yak but does no damage.
The death yak is almost dead.
Udjahorresnet blocks the death yak's attack.
The death yak gores Udjahorresnet!
You shoot an arrow. The arrow hits the white imp!!
You kill the white imp!
Udjahorresnet hits the death yak with a +0 flail.
Unknown command.
You shoot an arrow. Udjahorresnet avoids your attack.
The arrow barely misses the death yak.
The death yak gores Udjahorresnet but does no damage.
Udjahorresnet blocks the death yak's attack.
You shoot an arrow. Udjahorresnet avoids your attack.
The arrow hits the death yak!
The death yak is almost dead.
The death yak gores Udjahorresnet.
The death yak gores Udjahorresnet!
Udjahorresnet is destroyed!
You shoot an arrow. The arrow barely misses the death yak.
You shoot an arrow. The arrow barely misses the death yak.
You shoot an arrow. The arrow barely misses the death yak.
The death yak completely misses you.
You shoot an arrow. The arrow hits the death yak.
The death yak is lightly wounded.
The death yak gores you but does no damage.
You shoot an arrow. The arrow hits the death yak.
The death yak is lightly wounded.
You shoot an arrow.
The arrow hits the death yak but does no damage.
The death yak is lightly wounded.
You block the death yak's attack. The death yak attacks as you move away!
The death yak gores you!! The death yak attacks as you move away!
The death yak misses you. The death yak attacks as you move away!
The death yak gores you!
* * * LOW HITPOINT WARNING * * *
The death yak attacks as you move away! The death yak closely misses you.
The death yak attacks as you move away! The death yak gores you!!
You die...

##+###############....
...................#....
...................#....
...................#....
..............<....#....
#...####'##...##.#....
#####'###...###########..
......................'..
.....†..@.............#..
.....†)Y..............#..
......Y##...###########..
......Y##...# #.....
#.##...# .... #..... #
###)####. #.....
#...#).... #.....
#...#).... #.....
#......... #.....


You could see 3 death yaks.

Vanquished Creatures
  A steam dragon (D:7)
  2 orc warriors
  4 black bears
  2 sky beasts
  3 ice beasts
  6 ogres
  3 centaurs
  A phantom (D:7)
  A kobold brigand (D:7)
  A bullfrog (D:6)
  9 wights
  An electric eel (D:6)
  A gnoll bouda (D:7)
  2 hounds
  5 jellies
  A sleepcap (D:6)
  5 orc wizards
  6 iguanas
  4 hell rats (D:8)
  2 gnolls (D:7)
  8 adders
  3 river rats (D:8)
  4 white imps
  An ufetubus (D:6)
  4 worms
  4 dart slugs
  14 orcs
  15 ball pythons
  5 bats
  14 endoplasms
  3 giant cockroaches
  8 goblins
  7 hobgoblins
  3 jackals (D:3)
  20 kobolds
  4 quokkas
  7 frilled lizards
  4 rats
188 creatures vanquished.

Vanquished Creatures (collateral kills)
  Maggie (D:7)
  A water moccasin (D:7)
  3 ogres
  3 wights
  An electric eel (D:6)
  2 orc priests (D:7)
  2 hounds
  A gnoll (D:7)
  3 orcs
17 creatures vanquished.

Vanquished Creatures (others)
  An orc wizard (D:7)
  2 knights
  An ancestor (D:4)
  8 fungi
  7 toadstools (D:3)
19 creatures vanquished.

Grand Total: 224 creatures vanquished

Notes
Turn   | Place    | Note
-------+----------+-------------------------------------------
     0 | D:1      | Newt the Kobold Hunter began the quest for the Orb.
     0 | D:1      | Reached XP level 1. HP: 12/12 MP: 1/1
    43 | D:1      | Reached XP level 2. HP: 16/18 MP: 2/2
   163 | D:1      | Found a faded altar of an unknown god.
   229 | D:1      | Reached XP level 3. HP: 23/23 MP: 3/3
   657 | D:2      | Found a basalt altar of Yredelemnul.
   861 | D:2      | Reached XP level 4. HP: 30/30 MP: 4/4
  1631 | D:3      | Identified a scroll of acquirement
  1631 | D:3      | Acquired 812 gold pieces
  1666 | D:3      | Found a hazy altar of Hepliaklqana.
  1673 | D:3      | Became a worshipper of Hepliaklqana the Forgotten
  1701 | D:3      | Found Xumosog's Jewellery Shop.
  1740 | D:3      | Reached skill level 5 in Fighting
  1864 | D:3      | Reached XP level 5. HP: 35/35 MP: 5/5
  1931 | D:3      | Reached skill level 6 in Ranged Weapons
  1956 | D:3      | Reached skill level 7 in Ranged Weapons
  1956 | D:3      | Reached XP level 6. HP: 40/40 MP: 6/6
  2053 | D:3      | Acquired a manual of Fighting
  2055 | D:3      | Found Zutrioh's General Store.
  2063 | D:3      | Bought a scroll of teleportation for 39 gold pieces
  2063 | D:3      | Bought a potion of mutation for 104 gold pieces
  2063 | D:3      | Bought a scroll of identify for 26 gold pieces
  2126 | D:3      | Found Damaxu's Antique Weapon Shop.
  2336 | D:3      | Identified the ring of Lucidity {rC+ Str+3 Int-5 Dex+4
                  | SInv}
  2462 | D:4      | Noticed a black bear
  2467 | D:4      | Killed a black bear
  2468 | D:4      | Reached skill level 8 in Ranged Weapons
  2693 | D:4      | Noticed an orc warrior
  2704 | D:4      | Killed an orc warrior
  2705 | D:4      | Reached skill level 9 in Ranged Weapons
  2705 | D:4      | Reached XP level 7. HP: 12/44 MP: 7/7
  3447 | D:4      | Reached * piety under Hepliaklqana
  3590 | D:4      | Found a shadowy altar of Dithmenos.
  3662 | D:4      | Reached skill level 10 in Ranged Weapons
  3929 | D:4      | Found Seuxist's Distillery.
  3932 | D:4      | Bought a potion of heal wounds for 65 gold pieces
  3932 | D:4      | Bought a potion of haste for 130 gold pieces
  4076 | D:5      | Entered Level 5 of the Dungeon
  4162 | D:5      | Reached XP level 8. HP: 46/46 MP: 8/8
  4234 | D:5      | Found a staircase to the Ecumenical Temple.
  4266 | D:5      | Identified the +2 robe of Mysticism {MP+9 Dex+3}
  4694 | D:5      | Reached skill level 10 in Fighting
  4814 | D:5      | Found a runed translucent gate.
  4814 | D:5      | Found a runed translucent gate.
  4814 | D:5      | Found a runed translucent gate.
  5065 | D:5      | Reached ** piety under Hepliaklqana
  5066 | D:5      | Remembered your ancestor Udjahorresnet as a knight
  5272 | D:5      | Noticed Mickster's ghost (novice HOBe)
  5273 | D:5      | Identified the +3 chain mail of Reason {Str+6 Dex-3}
  5322 | D:6      | Found Wiruinn's Weapon Shoppe.
  5375 | D:6      | Reached skill level 5 in Dodging
  5400 | D:6      | Reached XP level 9. HP: 55/55 MP: 9/9
  5507 | D:6      | Gained mutation: You possess an exceptional clarity of
                  | mind. [potion of mutation]
  5507 | D:6      | Gained mutation: You expend magic power (3 MP) to
                  | strengthen your wands. [potion of mutation]
  5507 | D:6      | Gained mutation: You have a somewhat thin skeletal
                  | structure. (Dex +2, Stealth+) [potion of mutation]
  5659 | D:6      | Reached skill level 11 in Ranged Weapons
  6025 | D:7      | Reached skill level 12 in Ranged Weapons
  6195 | D:7      | Reached skill level 13 in Ranged Weapons
  6506 | D:7      | Reached XP level 10. HP: 61/61 MP: 10/10
  6614 | D:7      | Reached skill level 14 in Ranged Weapons
  6719 | D:7      | Found a blossoming altar of Fedhas.
  6723 | D:7      | Found a stormy altar of Qazlal.
  6748 | D:7      | Noticed Maggie
  6761 | D:7      | Killed Maggie
  6780 | D:7      | Found a glowing golden altar of the Shining One.
  6968 | D:7      | Reached *** piety under Hepliaklqana
  7024 | D:7      | Reached skill level 15 in Ranged Weapons
  7255 | D:8      | Acquired the amulet "Timpais" {Reflect Str+5 SH+5}
  7391 | D:8      | Found a runed translucent door.
  7394 | D:8      | Noticed mandoloar's ghost (novice GnEE)
  7628 | D:8      | Reached skill level 16 in Ranged Weapons
  7633 | D:8      | Noticed a death yak
  7635 | D:8      | Noticed a death yak
  7642 | D:8      | Noticed a death yak
  7661 | D:8      | Slain by a death yak

Illustrated notes

Levels and vault maps discovered:
D:1:      dpeg_arrival_windows_large_door, layout_rooms, basic_ecumenical_altar,
          grunt_decor_clamped, minmay_misc_feat_rows
D:2:      layout_basic, basic_altar
D:3:      cheibrodos_fertilizer, layout_basic,
          mainiacjoe_overflow_cross_hatched, serial_shops, shop,
          nicolae_shop_behind_doors, shop
D:4:      minmay_thinvault, layout_loops_ring, lemuel_doored_altar,
          serial_shops, nicolae_shop_behind_doors, st_stairs_9,
          minmay_surrounded
D:5:      layout_layer_cave, minmay_temple_entry_arrows,
          biasface_ghost_orc_armoury, kb_lookout_dungeons_type
D:6:      layout_loops_ring, serial_shops, nicolae_shop_stone, minivault_14,
          grunt_ministairs_6
D:7:      layout_basic, grunt_temple_overflow_forces_of_nature,
          tso_oasis_becter, hangedman_decor_growths, dk_vineyard_2,
          minmay_crossroads, uniq_maggie
D:8:      layout_gridville, dpeg_lair_monsters, hellmonk_ghost_happy_afterlife

Skill      XL: |  1  2  3  4  5  6  7  8  9 10 |
---------------+-------------------------------+-----
Fighting       | 3 4 5 6 10 | 10.2
Ranged Weapons | 7 9 10 13 16 | 16.0
Dodging        | 5 7 |  7.0
Stealth        | |  1.3

Action                     |  1- 3 |  4- 6 |  7- 9 | 10-12 || total
---------------------------+-------+-------+-------+-------++-------
   Fire: Shortbow          |    71 |   161 |   268 |   144 ||   644
 Invoke: Ancestor Life: Kn |       |       |     1 |       ||     1
         Recall Ancestor   |       |       |       |     1 ||     1
    Use: Scroll            |     6 |     7 |     3 |     2 ||    18
         Potion            |       |       |     2 |       ||     2
 Armour: Leather armour    |    10 |    24 |     7 |       ||    41
         Robe              |       |       |    11 |     1 ||    12
  Dodge: Dodged            |    25 |    80 |    90 |    27 ||   222
  Block: Other             |       |       |       |     1 ||     1

Table legend: (Time is in decaauts)
 A = Elapsed time spent in this place.
 B = Non-inter-level travel time spent in this place.
 C = Inter-level travel time spent in this place.
 D = Time resting spent in this place.
 E = Time spent auto-exploring this place.
 F = Levels seen in this place.
 G = Mean time per level.
                   A        B        C        D        E       F      G
               +--------+--------+--------+--------+--------+-----+--------+
         Total |   7674 |   7490 |    184 |    974 |   5485 |   8 |  959.2 |
       Dungeon |   7674 |   7490 |    184 |    974 |   5485 |   8 |  959.2 |
               +--------+--------+--------+--------+--------+-----+--------+

Top non-repeatable levels by time:
     D:4: 1623 daAuts
     D:5: 1244 daAuts
     D:7: 1227 daAuts
     D:2: 997 daAuts
     D:3: 851 daAuts
     D:6: 675 daAuts
     D:1: 665 daAuts
     D:8: 390 daAuts
